Map: Paladino Terminal LE

Players

Musumeci - Winner!

  • Race: Zerg Zerg
  • League: Diamond
  • Spawn Location: 5:00

Morgane

  • Race: Terran Terran
  • League: Diamond
  • Spawn Location: 9:00

VOD

Have the link to the VOD?

Description

Time

  • Played on: March 24, 2017, 7:43 a.m.
  • Length: 14:32
Show
View Real Time Build Order
Export as new Build Order

Musumeci Zerg - Winner!

Build Orders: Hatch First 

Get SALT Encoding   

  12  0:01  Drone  
  13  0:09  Drone  
  14  0:19  Drone, Extractor  
  15  0:42  Hatchery  
  15  0:46  Extractor  
  15  0:47  Drone  
  15  1:03  Spawning Pool  
  14  1:07  Extractor  
  14  1:09  Drone  
  14  1:12  Extractor  
  14  1:15  Drone  
  16  1:20  Overlord  
  16  1:38  Drone x2  
  18  1:43  Drone  
  19  1:50  Queen  
  21  1:54  Queen  
  21  1:58  Drone  
  24  2:01  Drone  
  24  2:07  Overlord  
  25  2:11  Drone  
  26  2:19  Drone  
  26  2:20  Drone  
  28  2:30  Drone x2  
  28  2:31  Queen, Extractor  
  31  2:39  Queen  
  31  2:43  Drone  
  31  2:44  Drone  
  36  2:48  Drone, Extractor  
  36  2:56  Overlord  
  36  2:58  Overlord  
  36  3:01  Extractor  
  36  3:14  Overlord x2  
  36  3:15  Drone x5  
  41  3:20  Extractor  
  41  3:22  Extractor  
  41  3:24  Roach Warren  
  41  3:25  Drone  
  41  3:26  Drone  
  40  3:32  Drone x2  
  42  3:44  Drone  
  42  3:45  Drone x3  
  42  3:47  Drone x2  
  42  3:48  Drone x2  
  50  4:09  Hatchery  
  49  4:18  Evolution Chamber  
  49  4:20  Evolution Chamber  
  47  4:27  Roach  
  47  4:28  Roach x5  
  47  4:29  Drone x2  
  47  4:30  Drone x4  
  65  4:33  Extractor  
  65  4:36  Lair  
  64  5:05  Drone x4  
  68  5:12  Extractor  
  68  5:13  Overlord x5  
  67  5:27  Roach x3  
  73  5:30  Overlord  
  73  5:39  Spore Crawler  
  73  5:40  Ravager x2, Spore Crawler x2  
  73  5:41  Roach  
  73  5:42  Roach x6, Spore Crawler  
  85  5:43  Drone x3  
  85  5:49  Glial Reconstitution  
  88  6:03  Zerg Missile Weapons Level 1  
  88  6:11  Drone, Zerg Ground Armor Level 1  
  88  6:12  Drone x6  
  95  6:29  Roach x5  
  95  6:30  Roach x3  
  95  6:31  Drone x3  
  114  6:37  Overlord  
  114  6:39  Overlord  
  114  6:45  Extractor  
  114  6:46  Extractor  
  112  7:04  Ravager x2  
  112  7:06  Ravager  
  115  7:09  Ravager x2  
  115  7:10  Ravager  
  118  7:19  Ravager  
  119  7:28  Overlord  
  119  7:29  Overlord  
  121  7:44  Roach x5  
  121  7:45  Overlord x6  
  121  7:47  Overseer  
  121  7:49  Roach x6  
  141  8:01  Zerg Missile Weapons Level 2  
  141  8:10  Drone  
  141  8:11  Drone x6  
  148  8:46  Ravager  
  149  8:50  Ravager  
  149  8:51  Zerg Ground Armor Level 2  
  142  9:05  Ravager x2  
  142  9:06  Roach x2, Ravager x2  
  142  9:07  Roach x10  
  111  9:55  Roach x7  
  111  9:56  Roach x7  
  117  10:07  Roach x3  
  121  10:17  Ravager x9  
  121  10:19  Drone  
  121  10:20  Hatchery, Drone, Extractor  
  130  10:23  Extractor  
  129  10:30  Hatchery  
  129  10:31  Ravager x3  
  129  10:32  Roach x3  
  137  10:41  Roach  
  137  10:42  Roach x5  
  149  11:09  Ravager  
  149  11:10  Roach x16  
  163  11:26  Roach x4  
  163  11:27  Roach  
  161  11:51  Roach x12  
  165  11:58  Ravager x4  
  165  11:59  Ravager  
  170  12:09  Drone x2  
  170  12:10  Drone x4  
  170  12:11  Drone x4  
  180  12:16  Ravager x3  
  177  12:32  Extractor  
  155  12:40  Roach  
  155  12:41  Roach x18  
  145  12:45  Roach x2  
  131  13:05  Roach x3  
  127  13:06  Roach x12  
  151  13:14  Ravager x3  
  151  13:15  Ravager  
  151  13:16  Drone  
  151  13:17  Drone x2  
  151  13:19  Extractor  
  157  13:21  Ravager x2  
  157  13:23  Queen  
  161  13:27  Overlord  
  161  13:28  Overlord x2  
  161  13:39  Ravager x5  
  166  13:46  Infestation Pit  
  159  13:50  Ravager x2  
  159  13:51  Ravager  
  159  13:54  Roach  
  159  13:55  Roach x4  
Show
View Real Time Build Order
Export as new Build Order

Morgane Terran 

Build Orders: Reaper Expand, MMM Bio 

Get SALT Encoding   

  12  0:01  SCV  
  13  0:13  SCV  
  14  0:19  Supply Depot  
  14  0:25  SCV  
  15  0:30  Refinery  
  15  0:40  SCV  
  16  0:47  Barracks  
  16  0:52  SCV  
  17  1:04  SCV  
  18  1:17  SCV  
  19  1:34  Orbital Command  
  19  1:35  Reaper  
  20  1:50  Command Center  
  20  2:02  SCV  
  20  2:07  Factory  
  21  2:12  Barracks Reactor  
  21  2:18  Supply Depot  
  21  2:21  SCV  
  22  2:33  SCV  
  23  2:45  SCV  
  24  2:57  SCV  
  25  3:01  Hellion x2  
  25  3:02  Barracks Tech Lab  
  30  3:06  Orbital Command  
  30  3:09  SCV  
  30  3:21  SCV, Stimpack, Marine  
  30  3:22  Hellion  
  30  3:23  Hellion  
  30  3:26  Refinery  
  36  3:33  SCV  
  36  3:34  SCV  
  38  3:42  Marine  
  38  3:45  SCV  
  38  3:46  SCV  
  41  3:50  Barracks  
  41  3:51  Barracks  
  41  3:54  Factory Reactor  
  41  3:58  SCV x2  
  43  4:05  Marine  
  43  4:06  Engineering Bay  
  43  4:07  Supply Depot  
  44  4:10  SCV  
  45  4:19  Supply Depot  
  45  4:20  SCV, Supply Depot  
  46  4:28  SCV, Marine  
  48  4:39  Terran Infantry Weapons Level 1  
  48  4:42  Starport  
  48  4:43  Marine x2  
  48  4:44  Factory Reactor  
  50  4:46  Marine  
  50  4:47  Marine  
  52  4:57  SCV, Marine  
  54  5:01  Marine  
  54  5:05  SCV  
  56  5:08  Command Center  
  56  5:09  Refinery  
  56  5:10  Refinery, Marine x2  
  56  5:11  Marine  
  59  5:17  SCV  
  60  5:21  Combat Shields  
  60  5:29  SCV, Marine x2  
  60  5:30  Marine  
  60  5:31  Factory Reactor  
  60  5:33  Medivac x2  
  60  5:34  Supply Depot  
  68  5:36  SCV  
  68  5:41  SCV  
  68  5:42  Supply Depot  
  70  5:49  Supply Depot  
  70  5:50  Supply Depot  
  70  5:56  SCV x2, Marine x2  
  74  6:03  Medivac x2  
  78  6:05  Marine  
  78  6:07  Widow Mine x2  
  78  6:08  SCV  
  78  6:09  SCV  
  85  6:18  Marine x3  
  87  6:20  SCV  
  87  6:21  SCV  
  90  6:26  Marine x2  
  90  6:32  SCV  
  93  6:34  SCV  
  93  6:35  Marine, Terran Infantry Armor Level 1  
  95  6:42  Orbital Command  
  95  6:44  SCV  
  95  6:46  SCV  
  95  6:58  Marine x3  
  98  7:01  Marine x2  
  98  7:02  Widow Mine x2, Supply Depot  
  98  7:04  Medivac x2, Supply Depot  
  98  7:08  SCV x3  
  111  7:16  Marine x3  
  111  7:19  Marine x2  
  111  7:20  SCV x2  
  116  7:24  Supply Depot  
  116  7:25  SCV  
  117  7:30  Supply Depot  
  117  7:32  SCV x2  
  117  7:33  Barracks  
  117  7:34  Marine x2  
  117  7:35  Barracks  
  119  7:41  Marine x2  
  119  7:43  Marine  
  122  7:44  Medivac  
  122  7:45  Medivac  
  122  7:46  Widow Mine  
  122  7:50  SCV, Supply Depot  
  129  7:51  Marine x2  
  129  7:53  SCV  
  132  7:59  Marine  
  132  8:00  Engineering Bay  
  132  8:02  Armory  
  133  8:05  Marine x2  
  133  8:09  Marine x2  
  137  8:14  Medivac  
  137  8:17  Marine  
  140  8:23  Marine  
  140  8:24  Marauder, Marine x2  
  140  8:25  Widow Mine x2  
  149  8:27  Marine x2  
  149  8:32  Starport  
  149  8:35  Marine  
  149  8:41  Marine  
  150  8:45  Marauder  
  148  8:59  Marine  
  145  9:04  Marine x3  
  145  9:05  Marine x2  
  145  9:06  Widow Mine, Marauder  
  145  9:07  Widow Mine  
  145  9:08  Medivac  
  154  9:17  Marine  
  150  9:22  Marine x3  
  145  9:24  Marine  
  145  9:25  Marine  
  145  9:28  Marauder  
  118  9:49  Marauder  
  115  9:54  Marine x2  
  115  9:55  Marine x4  
  115  9:59  Barracks  
  113  10:01  Barracks  
  113  10:02  Starport Reactor  
  113  10:04  Barracks  
  113  10:10  Command Center  
  113  10:11  Marauder  
  113  10:12  Barracks, Marine  
  113  10:13  Supply Depot  
  116  10:14  Terran Infantry Weapons Level 2, Barracks x2  
  116  10:16  Terran Vehicle Weapons Level 1, Supply Depot  
  116  10:19  Supply Depot  
  116  10:21  Marine x3  
  116  10:26  Barracks Reactor x2, Liberator x4  
  119  10:32  Marauder  
  119  10:34  Command Center  
  119  10:35  Marine  
  122  10:39  Marine x3  
  125  10:46  Marine  
  125  10:47  Barracks  
  125  10:48  Barracks  
  138  10:53  Marauder, Marine  
  138  10:57  Marine x2  
  136  11:02  Marine x5  
  136  11:03  Marine  
  136  11:04  Marine  
  144  11:09  Liberator  
  143  11:15  Marauder  
  126  11:25  Marine  
  126  11:26  Marine x10  
  140  11:36  Marauder  
  141  11:43  Marine x2  
  140  11:47  Marine x9  
  148  11:58  Marauder  
  150  12:01  Marine x2  
  150  12:05  Marine x9  
  161  12:19  Marauder, Marine x2  
  161  12:22  Marine  
  165  12:23  Marine x7  
  165  12:26  Marine  
  151  12:37  Marine  
  151  12:39  Marine  
  151  12:40  Marauder, Marine  
  151  12:41  Marine x7  
  151  12:44  Marine  
  114  12:55  Marine  
  114  12:56  Marine  
  114  12:58  Marine x5  
  109  12:59  Marine x2  
  109  13:02  Marauder  
  112  13:07  Marine x2  
  106  13:18  Orbital Command  
  104  13:23  Marauder  
  104  13:24  Marine x3  
  104  13:26  Marine  
  110  13:31  Barracks Reactor x2  
  110  13:37  Marine x2  
  112  13:41  Marine x3  
  112  13:42  Marine x2  
  112  13:43  Marine  
  112  13:44  Marauder  
  118  13:50  Marine x2  
  121  14:06  Marauder  
  121  14:07  Barracks Tech Lab x3  
Tags
 
Add a new tag
Caveats
  • Supply blocks, unpowered buildings, or Contaminate may cause inaccurate times.
  • Supply counts are checked every 10 seconds.